Map: Ruins of Seras

Players

kekeke

  • Race: Zerg Zerg
  • League: Silver

SticklerMac - Winner!

  • Race: Zerg Zerg
  • League: Silver

VOD

https://www.youtube.com/watch?v=jiyYIV4spuQ

Description

Time

  • Played on: Oct. 22, 2015, 1:57 p.m.
  • Length: 13:43
Show
View Real Time Build Order
Export as new Build Order

kekeke Zerg 

Build Orders: Pool First 

Get SALT Encoding   

  12  0:01  Drone  
  13  0:21  Overlord  
  13  0:24  Drone  
  14  0:42  Extractor  
  13  0:46  Drone x2  
  13  0:47  Spawning Pool  
  14  0:50  Drone  
  15  0:59  Drone  
  16  1:08  Drone  
  17  1:20  Drone  
  18  1:35  Queen  
  20  1:43  Metabolic Boost  
  20  1:51  Hatchery  
  19  1:59  Zergling x2  
  19  2:00  Zergling x4  
  22  2:11  Overlord  
  22  2:24  Overlord  
  22  2:35  Baneling Nest, Drone  
  22  2:44  Queen  
  22  2:48  Zergling x8  
  28  3:01  Zergling x2  
  28  3:05  Zergling x2  
  30  3:13  Zergling x2  
  31  3:20  Baneling x2  
  31  3:25  Zergling x6  
  34  3:30  Baneling  
  34  3:35  Zergling x8  
  37  3:44  Zergling x2  
  37  3:45  Zergling x2  
  35  4:09  Zergling x8  
  35  4:10  Zergling x6  
  35  4:15  Overlord  
  33  4:18  Baneling  
  33  4:19  Baneling x2  
  33  4:23  Zergling x4  
  34  4:42  Zergling x6  
  33  5:03  Baneling x4  
  33  5:08  Drone x7  
  40  5:16  Baneling x2  
  40  5:27  Zergling x6  
  43  5:35  Zergling x2  
  29  6:02  Zergling x2  
  29  6:03  Zergling x12  
  35  6:15  Zergling x4  
  35  6:17  Queen  
  29  6:30  Baneling  
  29  6:31  Zergling x2  
  29  6:32  Zergling x10  
  35  6:36  Baneling x2  
  35  6:39  Queen  
  37  6:45  Overlord  
  37  6:46  Overlord  
  37  7:01  Baneling x2  
  34  7:11  Zergling x12  
  34  7:12  Zergling x6  
  39  7:21  Lair  
  33  7:38  Zergling x2  
  33  7:39  Zergling x6  
  37  7:55  Drone x7  
  44  8:01  Baneling  
  44  8:02  Baneling  
  44  8:05  Drone  
  45  8:08  Drone  
  46  8:33  Hatchery, Baneling x2  
  45  8:49  Drone x2  
  47  8:59  Extractor x2  
  45  9:04  Centrifical Hooks  
  45  9:05  Extractor  
  44  9:26  Drone x16  
  60  9:41  Spire  
  59  9:49  Zergling x2  
  59  9:50  Extractor x2, Zergling x12  
  64  10:01  Baneling x2  
  64  10:04  Baneling x3  
  64  10:05  Zergling x4  
  65  10:08  Overlord x2  
  65  10:12  Baneling x2  
  46  10:54  Mutalisk, Spine Crawler, Zergling x6  
  46  10:55  Mutalisk x6, Spine Crawler  
  61  11:08  Zergling x6  
  64  11:13  Baneling x2  
  64  11:14  Baneling x2  
  44  11:45  Mutalisk  
  44  11:46  Mutalisk x5  
  56  11:48  Spine Crawler  
  42  12:04  Mutalisk x2  
  38  12:46  Spine Crawler  
  37  12:57  Drone, Spine Crawler  
  37  13:19  Spine Crawler  
Show
View Real Time Build Order
Export as new Build Order

SticklerMac Zerg - Winner!

Build Orders: Hatch First 

Get SALT Encoding   

  12  0:00  Drone  
  13  0:13  Overlord  
  13  0:18  Drone  
  14  0:33  Drone x2  
  16  0:36  Drone  
  17  0:55  Hatchery  
  17  0:57  Drone  
  17  1:01  Drone  
  17  1:02  Extractor  
  17  1:16  Spawning Pool  
  17  1:18  Drone  
  17  1:24  Drone  
  18  1:33  Drone  
  19  1:40  Drone  
  20  1:50  Overlord  
  20  2:03  Metabolic Boost  
  20  2:04  Queen  
  20  2:07  Queen  
  24  2:09  Zergling x2  
  24  2:12  Zergling x2  
  26  2:16  Drone  
  26  2:18  Drone  
  26  2:22  Drone  
  29  2:29  Drone  
  30  2:40  Zergling x2  
  30  2:41  Zergling x2  
  32  2:48  Zergling x2  
  32  2:50  Drone  
  34  2:58  Drone  
  34  3:01  Drone  
  36  3:06  Lair  
  36  3:12  Overlord  
  36  3:25  Hatchery  
  36  3:26  Drone  
  36  3:27  Baneling Nest  
  36  3:29  Drone  
  36  3:30  Overlord  
  36  3:35  Zergling x8  
  40  3:42  Zergling x6  
  43  3:54  Zergling x4  
  40  4:07  Zergling x2  
  40  4:08  Zergling x2  
  31  4:14  Zergling x4  
  27  4:19  Zergling x4  
  27  4:25  Queen x2  
  27  4:29  Baneling x2  
  27  4:30  Zergling x6  
  34  4:33  Zergling x2  
  34  4:36  Zergling x2  
  36  4:42  Zergling x2  
  35  5:03  Zergling x2  
  35  5:04  Zergling x12  
  39  5:09  Baneling x4  
  39  5:10  Baneling  
  39  5:19  Drone x2  
  41  5:24  Zergling x4  
  43  5:35  Zergling x6  
  46  5:47  Zergling x2  
  46  5:48  Zergling x6  
  40  5:54  Zergling x4  
  40  5:55  Zergling x2  
  39  6:00  Zergling x4  
  39  6:01  Baneling  
  39  6:04  Baneling x2  
  40  6:12  Zergling x4  
  40  6:16  Zergling x4  
  40  6:26  Zergling x6  
  42  6:36  Baneling x2  
  42  6:37  Zergling x4, Baneling x2  
  43  6:40  Drone  
  44  6:54  Zergling x8  
  47  6:58  Baneling x3  
  47  6:59  Baneling  
  47  7:01  Baneling  
  37  7:20  Zergling x8  
  37  7:21  Zergling x6  
  40  7:26  Zergling x2  
  40  7:27  Zergling x2  
  42  7:31  Zergling x2  
  40  7:42  Baneling x2  
  40  7:43  Baneling x7  
  40  7:44  Baneling  
  39  8:04  Zergling x12  
  39  8:05  Zergling x2  
  46  8:08  Drone  
  46  8:09  Drone  
  48  8:14  Drone  
  49  8:30  Centrifical Hooks  
  49  8:33  Overlord x2  
  49  8:45  Overlord x2  
  49  8:58  Zergling x12  
  49  9:02  Drone  
  56  9:04  Drone  
  56  9:09  Drone x2  
  59  9:26  Zergling x2  
  59  9:27  Zergling x12  
  59  9:29  Zergling x2  
  66  9:40  Zergling x2  
  66  9:41  Zergling x8  
  71  9:51  Zergling x2  
  71  9:52  Zergling x8  
  76  9:53  Zergling x2  
  77  10:00  Zergling x6  
  80  10:10  Baneling x9  
  80  10:11  Baneling x3  
  80  10:27  Zergling x10  
  82  10:28  Zergling x2  
  44  10:38  Zergling x6  
  44  10:39  Zergling x8  
  49  10:47  Zergling x10  
  54  10:52  Zergling x4  
  56  11:03  Zergling x4  
  56  11:04  Zergling x8  
  60  11:07  Baneling x4  
  60  11:08  Baneling  
  60  11:10  Baneling  
  61  11:19  Zergling x6  
  61  11:20  Zergling x4  
  57  11:34  Zergling x6  
  57  11:35  Zergling x10  
  63  11:40  Spore Crawler  
  62  11:49  Zergling x10  
  63  11:57  Zergling x6  
  56  12:05  Zergling x8  
  55  12:12  Zergling x4  
  55  12:13  Zergling x4  
  50  12:25  Zergling x8  
  50  12:26  Zergling x4  
  52  12:38  Zergling x12  
  52  12:48  Spore Crawler  
  52  12:49  Spore Crawler  
  50  12:51  Spore Crawler  
  50  12:54  Spore Crawler  
  50  12:57  Spore Crawler  
  47  12:59  Drone  
  47  13:00  Drone  
  47  13:05  Drone  
  50  13:06  Drone  
  50  13:23  Spore Crawler  
  50  13:25  Spore Crawler  
  48  13:29  Spore Crawler  
  47  13:37  Spore Crawler  
Tags
 
Add a new tag
Caveats
  • Supply blocks, unpowered buildings, or Contaminate may cause inaccurate times.
  • Supply counts are checked every 10 seconds.